 Dungeon Crawl Stone Soup version 0.22.1-1-ga44c0e5 (webtiles) character file.

65 Fang the Skirmisher (level 4, -6/29 HPs)
             Began as a Gargoyle Berserker on Sept 26, 2018.
             Was a Believer of Trog.
             Mangled by Sigmund
             ... wielding a +0 scythe
              (11 damage)
             ... on level 3 of the Dungeon.
             The game lasted 00:02:38 (2061 turns).

Fang the Skirmisher (Gargoyle Berserker)            Turns: 2061, Time: 00:02:39

Health: -6/29      AC:  5    Str: 22    XL:     4   Next: 14%
Magic:  4/4        EV: 12    Int:  7    God:    Trog [**....]
Gold:   66         SH:  0    Dex:  9    Spells: 3/3 levels left

rFire    . . .     SeeInvis .   a - +0 hand axe
rCold    . . .     Gourm    .   (no shield)
rNeg     + . .     Faith    .   b - +0 animal skin
rPois    ∞         Spirit   .   (no helmet)
rElec    +         Reflect  .   (no cloak)
rCorr    .         Harm     .   (no gloves)
MR       .....                  (no boots)
Stlth    +.........             (no amulet)
HPRegen  0.09/turn              (no ring)
MPRegen  0.09/turn              (no ring)

@: berserk cooldown, slowed, very slow
A: negative energy resistance 1, electricity resistance, unbreathing,
petrification resistance, rot immunity, AC +3
a: Berserk, Trog's Hand, Renounce Religion


You were on level 3 of the Dungeon.
You worshipped Trog.
Trog was pleased with you.
You were hungry.

You visited 1 branch of the dungeon, and saw 3 of its levels.

You collected 66 gold pieces.

Inventory:

Hand Weapons
 a - a +0 hand axe (weapon)
Armour
 b - a +0 animal skin (worn)
Jewellery
 i - an uncursed ring of fire {unknown}
 n - a +3 amulet of reflection {unknown}
Scrolls
 d - 2 scrolls of teleportation {unknown}
 e - a scroll of amnesia {unknown}
 f - a scroll of fear {unknown}
 l - 2 scrolls of enchant weapon {unknown}
 p - a scroll of random uselessness {unknown}
Potions
 g - a potion of invisibility {unknown}
 h - a potion of heal wounds {unknown}
 j - a potion of ambrosia {unknown}
 k - a potion of resistance {unknown}
 m - a potion of haste {unknown}
Comestibles
 c - 5 rations
 o - 2 chunks of flesh


   Skills:
 + Level 4.0 Fighting
 + Level 3.6 Axes
 + Level 2.3 Armour
 + Level 2.0 Dodging
 + Level 0.2 Stealth


You had 3 spell levels left.
You didn't know any spells.
Your spell library was empty.

Dungeon Overview and Level Annotations

Branches:
Dungeon (3/15)

Altars:
Dithmenos
Sif Muna
Vehumet

Annotations:
D:3 Sigmund


Innate Abilities, Weirdness & Mutations

You are resistant to torment.
Your stone body is resilient. (AC +3)
You are immune to poison.
You resist negative energy. (rN+)
You are resistant to electric shocks. (rElec)
You can survive without breathing.
You are immune to petrification.
You are immune to rotting.


Message History

You bump into the rock wall.
Sigmund hits you with a scythe!
* * * LOW HITPOINT WARNING * * *
You're too confused to move!
You feel less confused.
Sigmund screams, "Don't try to resist!"
Sigmund gestures at you while chanting. You resist with some effort.
You hit Sigmund but do no damage.
Sigmund is severely wounded.
Sigmund completely misses you.
You closely miss Sigmund.
Sigmund is severely wounded.
Sigmund hits you but does no damage.
You hit Sigmund.
Sigmund is almost dead.
Sigmund barely misses you.
You barely miss Sigmund.
Sigmund is almost dead.
Sigmund hits you with a scythe!
You die...

....###.#.# ..........#
...#####.#######.
...+............. #####
...#####.###########...# ...#
#.#.#.............# ...#
#.#......#####....# ...#
#.......<'..##....#
#.####.#......##@##....#
..§..#.#......##@##....#
§§.§.#.#......##.##....#########
.§_§.#.#......##.##............#
.§...#.#......##.##.##.........#
.....#.#......##.... #.........#
..####.#.########### #.........#
.#####.#.# #.........#
.......#.#### #######.........#


You could see Sigmund.

Vanquished Creatures
  An adder (D:2)
  An ooze (D:1)
  2 worms
  4 leopard geckos
  An orc (D:3)
  5 bats
  5 goblins
  3 hobgoblins
  2 jackals (D:3)
  A ball python (D:3)
  2 frilled lizards
  5 kobolds
  10 rats
42 creatures vanquished.

Vanquished Creatures (others)
  A jackal (D:3)
1 creature vanquished.

Grand Total: 43 creatures vanquished

Notes
Turn   | Place    | Note
-------+----------+-------------------------------------------
     0 | D:1      | Fang the Gargoyle Berserker began the quest for the Orb.
     0 | D:1      | Reached XP level 1. HP: 14/14 MP: 1/1
    55 | D:1      | Reached XP level 2. HP: 4/19 MP: 2/2
   743 | D:2      | Reached XP level 3. HP: 15/24 MP: 3/3
  1165 | D:2      | Reached ** piety under Trog
  1193 | D:2      | Reached skill level 4 in Fighting
  1285 | D:2      | Found a deep blue altar of Sif Muna.
  1290 | D:2      | Found a shadowy altar of Dithmenos.
  1672 | D:3      | Reached XP level 4. HP: 29/29 MP: 4/4
  1705 | D:3      | Found a radiant altar of Vehumet.
  2042 | D:3      | Noticed Sigmund
  2061 | D:3      | Mangled by Sigmund

Skill      XL: |  1  2  3 |
---------------+----------+-----
Axes           | 3 |  3.6
Fighting       | 4 |  4.0
Dodging        | 2 |  2.0
Armour         | |  2.3
Stealth        | |  0.2

Action                   |  1- 3 |  4- 6 || total
-------------------------+-------+-------++-------
Melee: Hand axe          |   102 |    37 ||   139
Invok: Berserk           |     1 |     1 ||     2
  Eat: Chunk             |     2 |     3 ||     5
Armor: Animal skin       |    34 |     9 ||    43
Dodge: Dodged            |    64 |    25 ||    89
